 Dungeon Crawl Stone Soup version 0.18-a0-1718-g40ea4b6 (webtiles) character file.

104 dohliylev the Shield-Bearer (level 4, -2/28 HPs)
             Began as a Gargoyle Fighter on Apr 8, 2016.
             Slain by Crazy Yiuf
             ... wielding a +2 quarterstaff of chaos
              (8 damage)
             ... on level 3 of the Dungeon.
             The game lasted 00:05:29 (1955 turns).

dohliylev the Shield-Bearer (Gargoyle Fighter)      Turns: 1955, Time: 00:05:29

Health: -2/28      AC: 15    Str: 20    XL:     4   Next: 80%
Magic:  4/4        EV:  4    Int:  9    God:
Gold:   209        SH:  9    Dex:  9    Spells: 0 memorised, 3 levels left

rFire  . . .     SeeInvis .     a - +0 war axe
rCold  . . .     Gourm    .     k - +0 plate armour
rNeg   + . .     Faith    .     c - +0 shield
rPois  ∞         Spirit   .     (no helmet)
rElec  +         Dismiss  .     (no cloak)
rCorr  .         Reflect  .     (no gloves)
SustAt .         Harm     .     (no boots)
MR     .....                    (no amulet)
Stlth  ..........               (no ring)
                                (no ring)

@: not resistant to hostile enchantments, extremely unstealthy
A: negative energy resistance 1, electricity resistance, unbreathing,
petrification resistance, rot immunity, AC +3
a: no special abilities


You were on level 3 of the Dungeon.
You were not hungry.

You visited 1 branch of the dungeon, and saw 3 of its levels.

You collected 209 gold pieces.

Inventory:

Hand Weapons
 a - a +0 war axe (weapon)
 w - a +0 spear of chaos
 x - a +1 vampiric hand axe
 B - a +3 mace of venom
Missiles
 p - 2 steel tomahawks (quivered)
 z - 4 tomahawks
Armour
 c - a +0 shield (worn)
 k - a +0 plate armour (worn)
 A - a +1 chain mail of fire resistance
Jewellery
 r - an uncursed amulet of regeneration {unknown}
 y - an uncursed ring of magical power {unknown}
Scrolls
 e - a scroll of enchant weapon {unknown}
 g - a scroll of magic mapping {unknown}
 h - 2 scrolls of remove curse {unknown}
 i - 6 scrolls of identify {unknown}
 j - a scroll of noise {unknown}
 m - 2 scrolls of blinking {unknown}
 t - a scroll of amnesia {unknown}
 u - 2 scrolls of teleportation {unknown}
Potions
 b - a potion of haste {unknown}
 d - 3 potions of might
 n - a potion of degeneration {unknown}
 o - a potion of brilliance {unknown}
 q - a potion of agility {unknown}
 s - 2 potions of cure mutation {unknown}
Comestibles
 f - a bread ration
 l - a royal jelly
 v - 6 chunks of flesh


   Skills:
 + Level 3.5 Fighting
 + Level 2.2 Axes
 + Level 4.2 Armour
 - Level 0.8 Dodging
 + Level 4.3 Shields


You had 3 spell levels left.
You didn't know any spells.

Dungeon Overview and Level Annotations

Branches:
Dungeon (3/15)

Altars:
Xom

Annotations:
D:3 Crazy Yiuf, Ijyb


Innate Abilities, Weirdness & Mutations

You are resistant to torment.
Your stone body is resilient (AC +3).
You are immune to poison.
You resist negative energy.
You are resistant to electric shocks.
You can survive without breathing.
You are immune to petrification.
You are immune to rotting.


Message History

You closely miss Crazy Yiuf.
Crazy Yiuf is moderately wounded.
Crazy Yiuf hits you but does no damage. You block Crazy Yiuf's attack.
You slash Crazy Yiuf!
Crazy Yiuf is severely wounded.
Crazy Yiuf hits you but does no damage.
You closely miss Crazy Yiuf.
Crazy Yiuf is severely wounded.
You block Crazy Yiuf's attack. Crazy Yiuf hits you but does no damage.
You hit Crazy Yiuf but do no damage.
Crazy Yiuf is severely wounded.
Crazy Yiuf hits you with a quarterstaff of chaos.
Space bends around you.
You closely miss Crazy Yiuf.
Crazy Yiuf is severely wounded.
Crazy Yiuf hits you with a quarterstaff of chaos!
* * * LOW HITPOINT WARNING * * *
You blink.
Crazy Yiuf hits you with a quarterstaff of chaos!
You die...

....># ...)(#
.....# .....#
.....# ##.### #.#
##### ♣♣#### #.#
#)..#♣♣ ♣♣....##
#.##
#..@.§♣♣♣♣.)....#
#..#
#..g#♣..♣.♣.))..#
##.#
#####♣♣♣.♣..).#.#
#.# ♣♣♣♣♣###.#
#.# ##.# #.#
####..# #.#
#.##.## #.#
#########....#
###.#####
#....)....####


You could see Crazy Yiuf.

Vanquished Creatures
  Terence (D:2)
  2 adders
  An ooze (D:1)
  A worm (D:2)
  2 dart slugs
  2 giant geckos (D:1)
  5 orcs (D:3)
  5 giant cockroaches
  3 goblins
  2 hobgoblins
  3 ball pythons
  7 bats
  5 giant newts
  3 kobolds
  9 rats
51 creatures vanquished.

Notes
Turn   | Place    | Note
--------------------------------------------------------------
     0 | D:1      | dohliylev the Gargoyle Fighter began the quest for the Orb.
     0 | D:1      | Reached XP level 1. HP: 14/14 MP: 1/1
   196 | D:1      | Reached XP level 2. HP: 12/19 MP: 2/2
   434 | D:1      | Reached XP level 3. HP: 23/23 MP: 3/3
   763 | D:2      | Noticed Terence
   779 | D:2      | Killed Terence
   886 | D:2      | Reached XP level 4. HP: 28/28 MP: 4/4
  1526 | D:3      | Found a shimmering altar of Xom.
  1695 | D:3      | Noticed Ijyb
  1945 | D:3      | Noticed Crazy Yiuf
  1955 | D:3      | Slain by Crazy Yiuf

Vault maps used:
D:1:      minmay_arrival_three_doors, minmay_misc_feat_nine_boxes,
          minmay_three_crescents
D:2:      dk_noncrumbling_4, uniq_terence
D:3:      tgw_xom, nicolae_overflow_hidden_temple, uniq_crazy_yiuf_cottage,
          uniq_iyjb

Skill      XL: |  1  2  3  4 |
---------------+-------------+-----
Axes           | 2 |  2.2
Shields        | 4 |  4.3
Armour         | 4 |  4.2
Fighting       | |  3.5
Dodging        | |  0.8

Action                   |  1- 3 |  4- 6 || total
-------------------------+-------+-------++-------
Melee: War axe           |    92 |   144 ||   236
 Stab: Invisible         |       |     1 ||     1
  Eat: Chunk             |       |     4 ||     4
